 Dungeon Crawl Stone Soup version 0.21-a0-95-g06f091e (webtiles) character file.

68 grindst0ne the Insei (level 4, -2/32 HPs)
             Began as a Merfolk Transmuter on July 4, 2017.
             Slain by Grinder (8 damage)
             ... on level 3 of the Dungeon.
             The game lasted 00:04:47 (2787 turns).

grindst0ne the Insei (Merfolk Transmuter)           Turns: 2787, Time: 00:04:47

Health: -2/32      AC:  3    Str: 11    XL:     4   Next: 19%
Magic:  1/7        EV: 11    Int: 12    God:
Gold:   55         SH:  0    Dex: 14    Spells: 3/7 levels left

rFire    . . .     SeeInvis .     - Unarmed
rCold    . . .     Gourm    .   (no shield)
rNeg     . . .     Faith    .   h - +0 leather armour
rPois    .         Spirit   .   (no helmet)
rElec    .         Reflect  .   (no cloak)
rCorr    .         Harm     .   (no gloves)
MR       .....                  (no boots)
Stlth    +.........             (no amulet)
HPRegen  0.10/turn              (no ring)
MPRegen  0.10/turn              (no ring)

@: appendage (expiring), heavily drained
A: change form in water, swift swim, stealthy swim, horns 2
a: End Transformation


You were on level 3 of the Dungeon.
You were very hungry.
You had grown temporary horns.
You visited 1 branch of the dungeon, and saw 3 of its levels.

You collected 55 gold pieces.

Inventory:

Missiles
 a - 14 arrows
Armour
 b - a +0 robe
 h - a +0 leather armour (worn)
Jewellery
 m - an uncursed ring of fire
Wands
 p - a wand of random effects (28/48)
Scrolls
 f - 4 scrolls of identify {unknown}
 q - a scroll of amnesia {unknown}
 r - a scroll of fear {unknown}
 t - a scroll of remove curse {unknown}
Potions
 e - a potion of degeneration {unknown}
 g - a potion of berserk rage {unknown}
 i - a potion of brilliance {unknown}
 l - a potion of flight {unknown}
 n - a potion of ambrosia {unknown}
Books
 c - a book of Changes

   Spells                             Type                      Level
   a - Beastly Appendage              Transmutation                1
   b - Sticks to Snakes               Transmutation                2
   c - Spider Form                    Transmutation/Poison         3
   d - Ice Form                       Ice/Transmutation            4
   e - Blade Hands                    Transmutation                5
 u - a book of Misfortune

   Spells                             Type                      Level
   a - Confusing Touch                Hexes                        1
   b - Confuse                        Hexes                        3
   c - Gell's Gravitas                Translocation                3
   d - Petrify                        Transmutation/Earth          4
   e - Metabolic Englaciation         Hexes/Ice                    5
   f - Yara's Violent Unravelling     Hexes/Transmutation          5
Comestibles
 d - 5 bread rations
 j - a royal jelly
 k - 2 fruits
 o - 2 meat rations


   Skills:
 - Level 1.1(0.0) Fighting
 - Level 2.6(1.3) Dodging
 + Level 4.5(3.1) Unarmed Combat
 - Level 2.0(0.6) Spellcasting
 + Level 4.2(2.8) Transmutations


You had 3 spell levels left.
You knew the following spells:

 Your Spells              Type           Power        Failure   Level  Hunger
a - Beastly Appendage     Tmut           #.....       13%         1    ##.....
b - Sticks to Snakes      Tmut           #.......     19%         2    ###....
c - Confusing Touch       Hex            #.....       38%         1    ##.....


Dungeon Overview and Level Annotations

Branches:
Dungeon (3/15)

Altars:
Ashenzari
Okawaru

Annotations:
D:3 Grinder


Innate Abilities, Weirdness & Mutations

You revert to your normal form in water.
You are very nimble and swift while swimming.
You are very stealthy in the water. (Stealth+)
You have a pair of horns on your head.


Message History

Casting: Sticks to Snakes
Confirm with . or Enter, or press ? or * to list all spells.
You fail to create any snakes.
Your adder misses Grinder.
Grinder says, "I used to sell toenails on the black market."
Grinder barely misses your adder.
Casting: Sticks to Snakes
Confirm with . or Enter, or press ? or * to list all spells.
You don't have enough magic to cast that spell.
You swap places.
Grinder hits you.
You hit Grinder. You headbutt Grinder.
Grinder is lightly wounded.
Grinder hits you.
You hit Grinder.
Grinder is lightly wounded.
Grinder hits you.
You writhe in agony.
* * * LOW HITPOINT WARNING * * *
You hit Grinder. You headbutt Grinder.
Grinder is moderately wounded.
Grinder hits you!
You die...

######### #.......#
#######.#####.########
......................
..####.#####5########
#.# #@# ####.# #S#
#....# ###
.......†)......#
.####.###..###.# ...
.... .§## ##### .. #


You could see Grinder and a friendly adder.

Vanquished Creatures
  An adder (D:3)
  2 oozes
  2 worms (D:2)
  A dart slug (D:1)
  A ball python (D:2)
  5 bats
  7 goblins
  5 hobgoblins
  3 jackals (D:2)
  A kobold (D:2)
  A quokka (D:2)
  3 frilled lizards
  4 rats
36 creatures vanquished.

Vanquished Creatures (collateral kills)
  An adder (D:2)
  A goblin (D:3)
  A jackal (D:2)
3 creatures vanquished.

Grand Total: 39 creatures vanquished

Notes
Turn   | Place    | Note
-------+----------+-------------------------------------------
     0 | D:1      | grindst0ne the Merfolk Transmuter began the quest for the Orb.
     0 | D:1      | Reached XP level 1. HP: 15/15 MP: 3/3
   147 | D:1      | Found a shattered altar of Ashenzari.
   161 | D:1      | Reached XP level 2. HP: 21/21 MP: 3/5
   398 | D:1      | Learned a level 2 spell: Sticks to Snakes
   852 | D:2      | Reached XP level 3. HP: 18/26 MP: 6/6
  1528 | D:2      | Found an iron altar of Okawaru.
  2289 | D:2      | Reached XP level 4. HP: 32/32 MP: 7/7
  2482 | D:3      | Noticed Grinder
  2570 | D:2      | Learned a level 1 spell: Confusing Touch
  2775 | D:3      | Paralysed by Grinder for 6 turns
  2787 | D:3      | Slain by Grinder

Vault maps used:
D:1:      ncdulo_smallfort, serial_forest, infiniplex_forest_zigzag_2,
          infiniplex_forest_clump_double, infiniplex_forest_clump_tiny,
          infiniplex_forest_pool, evilmike_ruin_ashenzari
D:2:      overflow_temple_1_default
D:3:      lemuel_coloured_pillars_altar, uniq_natasha, uniq_ijyb, uniq_grinder

Skill      XL: |  1  2  3 |
---------------+----------+-----
Transmutations | 3 4 |  4.2
Unarmed Combat | 4 |  4.5
Fighting       | |  1.1
Dodging        | |  2.6
Spellcasting   | |  2.0

Action                   |  1- 3 |  4- 6 || total
-------------------------+-------+-------++-------
Melee: Unarmed           |   124 |    19 ||   143
       Headbutt          |     8 |     5 ||    13
 Cast: Beastly Appendage |     9 |     3 ||    12
       Sticks to Snakes  |     7 |     8 ||    15
 Stab: Distracted        |     1 |       ||     1
  Eat: Chunk             |     5 |     1 ||     6
Armor: Leather armour    |    36 |     3 ||    39
       Robe              |     1 |       ||     1
Dodge: Dodged            |    72 |     8 ||    80
